PCL
RENO ACES @ ALBUQUERQUE ISOTOPES
07/25/2099
 
TOP OF THE 1ST
Reno Aces batting - Pitching for Albuquerque Isotopes : RHP Victor Gonzalez
Pitching: RHP Victor Gonzalez
Batting: LHB Josh Jessey 0-0: Foul Ball, location: 7LMF
0-1: Called Strike
0-2: Strikes out swinging
Batting: RHB Jeff Sanfillipo 0-0: Called Strike
0-1: Swinging Strike
0-2: Ball
1-2: Ground out 5-3 (Groundball, 15, EV 88.8 MPH)
Batting: RHB Thomas Montgomery 0-0: Called Strike
0-1: Ball
1-1: Ball
2-1: Ball
3-1: Foul Ball, location: 3SF
3-2: SINGLE (Line Drive, 78S, EV 87.5 MPH)
Batting: LHB Al Casas 0-0: Ball
1-0: Called Strike
1-1: Called Strike
1-2: Strikes out swinging
Top of the 1st over - 0 runs, 1 hit, 0 errors, 1 left on base; Reno 0 - Albuquerque 0
BOTTOM OF THE 1ST
Albuquerque Isotopes batting - Pitching for Reno Aces : RHP John Mork
Pitching: RHP John Mork
Batting: RHB Javy Sanchez 0-0: Ball
1-0: Foul Ball, location: 5SF
1-1: Ball
2-1: Ball
3-1: Swinging Strike
3-2: Ground out 6-3 (Groundball, 6, EV 83.1 MPH)
Batting: RHB Hugo Sanchez 0-0: Ground out 3-1 (Groundball, 34S, EV 80.6 MPH)
Batting: RHB T.J. Krakowski 0-0: Ball
1-0: SOLO HOME RUN (Flyball, 78XD, EV 105.0 MPH), Distance : 409 ft
Batting: SHB Jon Coverly 0-0: Called Strike
0-1: Ball
1-1: Ball
2-1: Foul Ball, location: 2F
2-2: Fly out, F8 (Flyball, 8LM, EV 82.5 MPH)
Bottom of the 1st over - 1 run, 1 hit, 0 errors, 0 left on base; Reno 0 - Albuquerque 1
TOP OF THE 2ND
Reno Aces batting - Pitching for Albuquerque Isotopes : RHP Victor Gonzalez
Batting: SHB Macario Castro 0-0: Called Strike
0-1: Ball
1-1: Foul Ball, location: 3F
1-2: Fly out, F8 (Line Drive, 8LS, EV 88.8 MPH)
Batting: RHB Randy Steg 0-0: Foul Ball, location: 2F
0-1: Called Strike
0-2: Ball
1-2: Strikes out looking
Batting: RHB Ron Ellis 0-0: Ball
1-0: Ball
2-0: Ball
3-0: Called Strike
3-1: SINGLE (Line Drive, 7S, EV 90.0 MPH)
Batting: RHB Jim Unknown 0-0: Fielders Choice at 2nd, 6-4 (Groundball, 6, EV 86.9 MPH)
Top of the 2nd over - 0 runs, 1 hit, 0 errors, 1 left on base; Reno 0 - Albuquerque 1
BOTTOM OF THE 2ND
Albuquerque Isotopes batting - Pitching for Reno Aces : RHP John Mork
Batting: LHB Roberto Velasco 0-0: Fly out, F9 (Flyball, 9S, EV 78.1 MPH)
Batting: RHB Benny Scanlon 0-0: Ball
1-0: Swinging Strike
1-1: Ground out 5-3 (Groundball, 56S, EV 88.8 MPH)
Batting: RHB Chris Church 0-0: Called Strike
0-1: Ball
1-1: Ball
2-1: Ball
3-1: Base on Balls
Batting: SHB Mike Schirmer 0-0: Ball
1-0: Called Strike
1-1: Ball
2-1: Ball
3-1: Foul Ball, location: 7LMF
3-2: Base on Balls
Chris Church to second
Batting: RHB Pedro Chamaua 0-0: Fly out, F8 (Flyball, 8RM, EV 85.0 MPH)
Bottom of the 2nd over - 0 runs, 0 hits, 0 errors, 2 left on base; Reno 0 - Albuquerque 1
TOP OF THE 3RD
Reno Aces batting - Pitching for Albuquerque Isotopes : RHP Victor Gonzalez
Batting: RHB Jim Unknown 0-0: Ball
1-0: Ball
2-0: Called Strike
2-1: Swinging Strike
2-2: Ground out 6-3 (Groundball, 6S, EV 78.1 MPH)
Batting: LHB Josh Jessey 0-0: Called Strike
0-1: Foul Ball, location: 7LSF
0-2: Foul Ball, location: 7LDF
0-2: Strikes out swinging
Batting: RHB Jeff Sanfillipo 0-0: Foul Ball, location: 3SF
0-1: Ground out 5-3 (Groundball, 5S, EV 63.1 MPH)
Top of the 3rd over - 0 runs, 0 hits, 0 errors, 0 left on base; Reno 0 - Albuquerque 1
BOTTOM OF THE 3RD
Albuquerque Isotopes batting - Pitching for Reno Aces : RHP John Mork
Batting: RHB Javy Sanchez 0-0: Ground out 5-3 (Groundball, 56S, EV 89.4 MPH)
Batting: RHB Hugo Sanchez 0-0: Foul Ball, location: 9LDF
0-1: Ball
1-1: Foul Ball, location: 5FF
1-2: DOUBLE (Line Drive, 9LM, EV 111.3 MPH) - OUT at third base trying to stretch hit.
Batting: RHB T.J. Krakowski 0-0: Ball
1-0: Ball
2-0: Foul Ball, location: 5SF
2-1: Ball
3-1: Swinging Strike
3-2: Foul Ball, location: 2F
3-2: Base on Balls
Batting: SHB Jon Coverly 0-0: Fly out, F8 (Flyball, 8RXD, EV 106.3 MPH)
Bottom of the 3rd over - 0 runs, 1 hit, 0 errors, 1 left on base; Reno 0 - Albuquerque 1
TOP OF THE 4TH
Reno Aces batting - Pitching for Albuquerque Isotopes : RHP Victor Gonzalez
Batting: RHB Thomas Montgomery 0-0: Ball
1-0: Called Strike
1-1: Called Strike
1-2: Foul Ball, location: 3DF
1-2: Ball
2-2: Ball
3-2: DOUBLE (Groundball, 5L, EV 105.0 MPH)
Batting: LHB Al Casas 0-0: Fly out, F7 (Line Drive, 7, EV 91.3 MPH)
Runner from 2nd tags up, SAFE at 3rd with throw by LF
Batting: SHB Macario Castro 0-0: Ball
1-0: Called Strike
1-1: Swinging Strike
1-2: Foul Ball, location: 3FF
1-2: Ball
2-2: Ball
3-2: Foul Ball, location: 2F
3-2: Base on Balls
Batting: RHB Randy Steg 0-0: Ball
1-0: Called Strike
1-1: Foul Ball, location: 9LSF
1-2: SINGLE (Groundball, 34D, EV 104.4 MPH)
Thomas Montgomery scores
Macario Castro to second
Batting: RHB Ron Ellis 0-0: Foul Ball, location: 2F
0-1: Ball
1-1: Grounds into double play, 6-4-3 (Groundball, 6, EV 88.8 MPH)
Top of the 4th over - 1 run, 2 hits, 0 errors, 1 left on base; Reno 1 - Albuquerque 1
BOTTOM OF THE 4TH
Albuquerque Isotopes batting - Pitching for Reno Aces : RHP John Mork
Batting: LHB Roberto Velasco 0-0: SINGLE (Groundball, 34D, EV 97.5 MPH)
Batting: RHB Benny Scanlon 0-0: Called Strike
0-1: Called Strike
0-2: Fly out, F8 (Flyball, 8RS, EV 95.6 MPH)
Batting: RHB Chris Church 0-0: Called Strike
0-1: Swinging Strike
0-2: Ball
1-2: Foul Ball, location: 2F
1-2: Strikes out looking
Batting: SHB Mike Schirmer 0-0: Called Strike
0-1: Ball
1-1: Foul Ball, location: 7LDF
1-2: Strikes out looking
Bottom of the 4th over - 0 runs, 1 hit, 0 errors, 1 left on base; Reno 1 - Albuquerque 1
TOP OF THE 5TH
Reno Aces batting - Pitching for Albuquerque Isotopes : RHP Victor Gonzalez
Batting: RHB Jim Unknown 0-0: Called Strike
0-1: Called Strike
0-2: Foul Ball, location: 2F
0-2: Foul Ball, location: 2F
0-2: Ball
1-2: Foul Ball, location: 9LDF
1-2: Ball
2-2: Foul Ball, location: 2F
2-2: Foul Ball, location: 5F
2-2: Strikes out swinging
Batting: RHB Jim Unknown 0-0: Called Strike
0-1: Swinging Strike
0-2: SINGLE (Line Drive, 4D, EV 94.4 MPH)
Batting: LHB Josh Jessey 0-0: Called Strike
0-1: Called Strike
0-2: Foul Ball, location: 2F
0-2: Foul Ball, location: 2F
0-2: Fly out, F7 (Flyball, 78S, EV 87.5 MPH)
Batting: RHB Jeff Sanfillipo 0-0: Called Strike
0-1: Called Strike
0-2: SINGLE (Line Drive, 56, EV 103.1 MPH)
Jim Unknown to second
Batting: RHB Thomas Montgomery 0-0: Ball
1-0: Called Strike
1-1: Foul Ball, location: 3F
1-2: Foul Ball, location: 2RF
1-2: Strikes out swinging
Top of the 5th over - 0 runs, 2 hits, 0 errors, 2 left on base; Reno 1 - Albuquerque 1
BOTTOM OF THE 5TH
Albuquerque Isotopes batting - Pitching for Reno Aces : RHP John Mork
Batting: RHB Pedro Chamaua 0-0: Called Strike
0-1: Swinging Strike
0-2: Ball
1-2: Ball
2-2: Strikes out looking
Batting: RHB Javy Sanchez 0-0: Ball
1-0: Fly out, F4 (Popup, 13, EV 86.9 MPH)
Batting: RHB Hugo Sanchez 0-0: Ball
1-0: Foul Ball, location: 2F
1-1: Swinging Strike
1-2: Foul Ball, location: 2F
1-2: Foul Ball, location: 25FF
1-2: Strikes out looking
Bottom of the 5th over - 0 runs, 0 hits, 0 errors, 0 left on base; Reno 1 - Albuquerque 1
TOP OF THE 6TH
Reno Aces batting - Pitching for Albuquerque Isotopes : RHP Victor Gonzalez
Batting: LHB Al Casas 0-0: Ball
1-0: Ground out 1-3 (Groundball, 34S, EV 70.0 MPH)
Batting: SHB Macario Castro 0-0: Fly out, F3 (Popup, 34, EV 64.4 MPH)
Batting: RHB Randy Steg 0-0: Foul Ball, location: 2LF
0-1: Ground out 1-3 (Groundball, P, EV 74.4 MPH)
Top of the 6th over - 0 runs, 0 hits, 0 errors, 0 left on base; Reno 1 - Albuquerque 1
BOTTOM OF THE 6TH
Albuquerque Isotopes batting - Pitching for Reno Aces : RHP John Mork
Batting: RHB T.J. Krakowski 0-0: Called Strike
0-1: Ball
1-1: Foul Ball, location: 3F
1-2: SINGLE (Groundball, 4D, EV 110.0 MPH)
Batting: SHB Jon Coverly 0-0: Ball
1-0: Foul Ball, location: 3FF
1-1: Foul Ball, location: 2F
1-2: Ball
2-2: Ball
3-2: Base on Balls
T.J. Krakowski to second
Batting: LHB Roberto Velasco 0-0: Ball
1-0: Ball
2-0: Foul Ball, location: 2F
2-1: Foul Ball, location: 5SF
2-2: Foul Ball, location: 2LF
2-2: Foul Ball, location: 5F
2-2: SINGLE (Groundball, 56S, EV 65.0 MPH) (infield hit)
T.J. Krakowski to third
Jon Coverly to second
Batting: RHB Benny Scanlon 0-0: Called Strike
0-1: SINGLE (Line Drive, 89S, EV 92.5 MPH)
T.J. Krakowski scores
Jon Coverly to third
Roberto Velasco to second
Batting: RHB Chris Church 0-0: SINGLE (Line Drive, 89S, EV 105.6 MPH)
Jon Coverly scores
Roberto Velasco to third
Benny Scanlon to second
Runner from 3rd tries for Home, SAFE, throw by CF to home
Batting: SHB Mike Schirmer 0-0: Ball
1-0: Swinging Strike
1-1: Grounds into double play, 4-6-3 (Groundball, 4, EV 104.4 MPH)
Benny Scanlon to third
Batting: RHB Pedro Chamaua 0-0: Fly out, F1 (Line Drive, P, EV 66.3 MPH)
Bottom of the 6th over - 3 runs, 4 hits, 0 errors, 1 left on base; Reno 1 - Albuquerque 4
TOP OF THE 7TH
Reno Aces batting - Pitching for Albuquerque Isotopes : RHP Victor Gonzalez
Batting: RHB Ron Ellis 0-0: Called Strike
0-1: Swinging Strike
0-2: Strikes out looking
Batting: RHB Jim Unknown 0-0: Foul Ball, location: 9LSF
0-1: SINGLE (Line Drive, 89S, EV 98.1 MPH)
Batting: RHB Jim Unknown 0-0: Grounds into double play, 6-4-3 (Groundball, 6, EV 99.4 MPH)
Top of the 7th over - 0 runs, 1 hit, 0 errors, 0 left on base; Reno 1 - Albuquerque 4
BOTTOM OF THE 7TH
Albuquerque Isotopes batting - Pitching for Reno Aces : RHP John Mork
Batting: RHB Javy Sanchez 0-0: Ball
1-0: Ball
2-0: Called Strike
2-1: Foul Ball, location: 23F
2-2: Foul Ball, location: 2F
2-2: Strikes out swinging
Batting: RHB Hugo Sanchez 0-0: Ball
1-0: DOUBLE (Line Drive, 9LD, EV 108.8 MPH)
Batting: RHB T.J. Krakowski 0-0: Ground out 5-3 (Groundball, 56S, EV 82.5 MPH)
Batting: SHB Jon Coverly 0-0: Ball
1-0: Ball
2-0: Fly out, F7 (Line Drive, 78M, EV 101.9 MPH)
Bottom of the 7th over - 0 runs, 1 hit, 0 errors, 1 left on base; Reno 1 - Albuquerque 4
TOP OF THE 8TH
Reno Aces batting - Pitching for Albuquerque Isotopes : RHP Victor Gonzalez
Batting: LHB Josh Jessey 0-0: DOUBLE (Flyball, 8RXD, EV 112.5 MPH)
Batting: RHB Jeff Sanfillipo 0-0: Ball
1-0: Ground out 3-1 (Groundball, 34S, EV 80.0 MPH)
Josh Jessey to third
Batting: RHB Thomas Montgomery 0-0: Ball
Wild Pitch!
Josh Jessey scores
1-0: Ball
2-0: Swinging Strike
2-1: Foul Ball, location: 9LMF
2-2: Strikes out looking
Batting: LHB Al Casas 0-0: Ball
1-0: Ball
2-0: Ball
3-0: Called Strike
3-1: Base on Balls
Batting: SHB Macario Castro 0-0: Ball
1-0: Fly out, F9 (Flyball, 9LM, EV 98.1 MPH)
Top of the 8th over - 1 run, 1 hit, 0 errors, 1 left on base; Reno 2 - Albuquerque 4
BOTTOM OF THE 8TH
Albuquerque Isotopes batting - Pitching for Reno Aces : RHP John Mork
Pitching: RHP Austin Lubert
Batting: LHB Roberto Velasco 0-0: SINGLE (Groundball, 4S, EV 69.4 MPH) (infield hit)
Batting: RHB Benny Scanlon 0-0: Ball
1-0: Foul Ball, location: 23F
1-1: Foul Ball, location: 5F
1-2: Foul Ball, location: 3SF
1-2: Foul Ball, location: 5DF
1-2: Ground out 4-3 (Groundball, 4, EV 100.0 MPH)
Roberto Velasco to second
Batting: RHB Chris Church 0-0: Called Strike
0-1: Fly out, F7 (Flyball, 7D, EV 94.4 MPH)
Runner from 2nd tags up, SAFE at 3rd with throw by LF
Batting: SHB Mike Schirmer 0-0: Foul Ball, location: 5DF
0-1: Ball
1-1: Ball
2-1: Fly out, F7 (Flyball, 7S, EV 90.6 MPH)
Bottom of the 8th over - 0 runs, 1 hit, 0 errors, 1 left on base; Reno 2 - Albuquerque 4
TOP OF THE 9TH
Reno Aces batting - Pitching for Albuquerque Isotopes : RHP Victor Gonzalez
Batting: RHB Randy Steg 0-0: Ball
1-0: Swinging Strike
1-1: Swinging Strike
1-2: Foul Ball, location: 9LDF
1-2: Foul Ball, location: 2F
1-2: Foul Ball, location: 2F
1-2: Foul Ball, location: 23F
1-2: Fly out, F7 (Line Drive, 7S, EV 86.9 MPH)
Batting: RHB Ron Ellis 0-0: Called Strike
0-1: Ball
1-1: Swinging Strike
1-2: Foul Ball, location: 9LSF
1-2: Foul Ball, location: 9LSF
1-2: Foul Ball, location: 25F
1-2: Ball
2-2: Foul Ball, location: 25F
2-2: Strikes out looking
Pinch Hitting: LHB Chris Blackford 0-0: Ball
1-0: Ball
2-0: Foul Ball, location: 2F
2-1: Fly out, F9 (Flyball, 89M, EV 81.9 MPH)
Top of the 9th over - 0 runs, 0 hits, 0 errors, 0 left on base; Reno 2 - Albuquerque 4
Sunday, May 12th , 2024 - OOTP Baseball 24.11 Build 85